 Dungeon Crawl Stone Soup version 0.27-a0-720-g3f424a255b (webtiles) character file.

Game seed: 3810256518012571427

107 PentaManta the Ducker (level 4, -5/24 HPs)
             Began as a Spriggan Abyssal Knight on Mar 23, 2021.
             Was a Believer of Lugonu.
             Shot with an arrow by a centaur (6 damage)
             ... on level 4 of the Dungeon.
             The game lasted 00:05:41 (4194 turns).

PentaManta the Ducker (Spriggan Abyssal Knight)     Turns: 4194, Time: 00:05:41

Health: -5/24      AC:  2    Str: 14    XL:     4   Next: 57%
Magic:  6/6        EV: 19    Int: 13    God:    Lugonu [**....]
Gold:   119        SH:  0    Dex: 15    Spells: 3/3 levels left

rFire    + . .     SeeInvis +   l - +3 whip (venom)
rCold    . . .     Faith    .   (shield restricted)
rNeg     . . .     Spirit   .   b - +0 robe
rPois    .         Reflect  .   (helmet restricted)
rElec    .         Harm     .   (no cloak)
rCorr    .         Rampage  .   (gloves unavailable)
Will     .....                  (boots unavailable)
Stlth    +++.......             (no amulet)
HPRegen  0.08/turn              i - ring of protection from fire
MPRegen  0.10/turn              m - +6 ring of strength

@: very quick
A: very small, no large weapons, unfitting armour, see invisible, speed 3
a: Renounce Religion, Depart the Abyss, Bend Space


You were on level 4 of the Dungeon.
You worshipped Lugonu.
Lugonu was pleased with you.
You visited 1 branch of the dungeon, and saw 4 of its levels.
You visited the Abyss 1 time.

You collected 119 gold pieces.

Inventory:

Hand Weapons
 a - a +1 short sword
 l - a +3 whip of venom (weapon)
 p - a +1 dagger
Missiles
 j - 23 poisoned darts (quivered)
Armour
 b - a +0 robe (worn)
Jewellery
 i - a ring of protection from fire (right hand)
 m - a +6 ring of strength (left hand)
Potions
 g - 4 potions of flight
 o - a potion of invisibility


   Skills:
 + Level 3.2 Fighting
 - Level 2.1 Short Blades
 + Level 4.7 Dodging
 + Level 3.7 Stealth
 - Level 1.7 Invocations


You had 3 spell levels left.
You didn't know any spells.
Your spell library contained the following spells:

 Spells                   Type           Power      Damage    Failure   Level
 Confusing Touch          Hex            0%         N/A       67%         3
 Gell's Gravitas          Tloc           0%         N/A       67%         3
 Petrify                  Tmut/Erth      0%         N/A       97%         4
 Metabolic Englaciation   Hex/Ice        0%         N/A       100%        5
 Yara's Violent Unravell  Hex/Tmut       0%         3d3       100%        5


Dungeon Overview and Level Annotations

Branches:
Dungeon (4/15)
 Temple: D:4-7

Altars:
Zin

Annotations:
D:3 Sigmund


Innate Abilities, Weirdness & Mutations

You are very small and have problems with some larger weapons.
You are too small for most types of armour.
You have supernaturally acute eyesight. (SInv)
You cover ground extremely quickly. (Speed+++)


Message History

An adder is nearby!
An adder is nearby!
The adder hisses angrily.
You hear a shout!
A centaur comes into view.
The adder closely misses you.
You miss the adder. The adder bites you.
You closely miss the adder. The adder closely misses you.
You closely miss the adder. The adder completely misses you.
You miss the adder. The adder bites you.
You are poisoned.
The adder poisons you!
Your +3 whip of venom begins to drip with poison!
l - a +3 whip of venom (weapon)
You feel sick. The adder bites you.
You are more poisoned.
The adder poisons you!
You miss the adder.
You feel very sick. The adder misses you. The adder bites you.
You are more poisoned.
The adder poisons you!
You hit the adder.
The adder is poisoned.
The adder is heavily wounded.
* * * LOW HITPOINT WARNING * * *
You feel very sick. The adder misses you.
Okay, then.
* * * LOW HITPOINT WARNING * * *
You feel sick.
* * * LOW HITPOINT WARNING * * *
You feel sick.
* * * LOW HITPOINT WARNING * * *
You feel sick.
You are no longer poisoned.
You kill the adder!
Lugonu accepts your kill.
The centaur wields a +0 shortbow.
The centaur shoots an arrow.
The arrow barely misses you.
The centaur shoots an arrow.
The arrow hits you.
You die...

#.#.# #..
#.#S###############
#..
#<#.S.o...........#
...
#########..>..#####.#
.(..<.....>.... O.#
#######.....### #c#
########.....# #.#
..........########O#
..........@......c.#
..##################


You could see a centaur.

Vanquished Creatures
  2 adders
  A worm (D:3)
  A dart slug (D:2)
  An orc (D:3)
  10 ball pythons
  2 giant cockroaches (D:2)
  9 goblins
  8 hobgoblins
  9 jackals
  9 kobolds
  4 oozes (D:1)
  A quokka (D:3)
  5 bats
  5 frilled lizards
  10 rats
77 creatures vanquished.

Notes
Turn   | Place    | Note
-------+----------+-------------------------------------------
     0 | Abyss:1  | PentaManta the Spriggan Abyssal Knight began the quest for
                  | the Orb.
     0 | Abyss:1  | Reached XP level 1. HP: 11/11 MP: 3/3
    14 | D:1      | Escaped the Abyss
   387 | D:1      | Reached skill level 1 in Stealth
   735 | D:1      | Reached * piety under Lugonu
   758 | D:1      | Reached XP level 2. HP: 16/16 MP: 4/4
  1514 | D:1      | Reached XP level 3. HP: 14/19 MP: 5/5
  1685 | D:1      | Reached skill level 4 in Dodging
  2105 | D:2      | Reached ** piety under Lugonu
  2166 | D:2      | Found a glowing silver altar of Zin.
  2594 | D:2      | Reached XP level 4. HP: 24/24 MP: 6/6
  3306 | D:3      | Noticed Sigmund
  4178 | D:4      | Noticed a centaur
  4190 | D:4      | HP: 1/24 [poisoned by an adder]
  4194 | D:4      | Shot with an arrow by a centaur

Illustrated notes

Levels and vault maps discovered:
D:1:      giann_bridges, layout_loops_corners, st_stairs_11
D:2:      layout_basic, zin_academy
D:3:      layout_basic, uniq_sigmund
D:4:      layout_basic, ebering_ghost_sewer_f

Skill      XL: |  1  2  3 |
---------------+----------+-----
Stealth        | 1 2 3 |  3.7
Dodging        | 4 |  4.7
Fighting       | 3 |  3.2
Short Blades   | |  2.1
Invocations    | |  1.7

Action                   |  1- 3 |  4- 6 || total
-------------------------+-------+-------++-------
Melee: Short sword       |   196 |    73 ||   269
       Dagger            |       |     4 ||     4
       Whip              |       |     2 ||     2
Invok: Depart the Abyss  |     1 |       ||     1
  Use: Scroll            |       |     8 ||     8
 Stab: Sleeping          |     9 |     2 ||    11
       Distracted        |     1 |       ||     1
Armor: Robe              |    20 |     3 ||    23
Dodge: Dodged            |   167 |    70 ||   237

Table legend: (Time is in decaauts)
 A = Elapsed time spent in this place.
 B = Non-inter-level travel time spent in this place.
 C = Inter-level travel time spent in this place.
 D = Time resting spent in this place.
 E = Time spent auto-exploring this place.
 F = Levels seen in this place.
 G = Mean time per level.
                   A        B        C        D        E       F      G
               +--------+--------+--------+--------+--------+-----+--------+
         Total |   3345 |   3308 |     37 |    705 |   2040 |   5 |  669.0 |
       Dungeon |   3336 |   3299 |     37 |    705 |   2032 |   4 |  834.0 |
         Abyss |      8 |      8 |      0 |      0 |      8 |   1 |    8.0 |
               +--------+--------+--------+--------+--------+-----+--------+

Top non-repeatable levels by time:
     D:1: 1590 daAuts
     D:3: 1108 daAuts
     D:2: 592 daAuts
     D:4: 44 daAuts
 Abyss:1: 8 daAuts
